3R
REDWOOD RHINOS @ HICKSVILLE HOUNDS
08/30/2037
 
TOP OF THE 1ST
Redwood Rhinos batting - Pitching for Hicksville Hounds : RHP David Schrattenthaler
Pitching: RHP David Schrattenthaler
Batting: RHB Salvador Aquino 0-0: Ball
1-0: Called Strike
1-1: Foul Ball, location: 2F
1-2: Ball
2-2: Foul Ball, location: 2F
2-2: SINGLE (Line Drive, 4D, EV 94.4 MPH)
Batting: LHB Gabriel Anaya 0-0: Ball
1-0: Called Strike
1-1: Called Strike
1-2: Foul Ball, location: 2F
1-2: Foul Ball, location: 2F
1-2: Foul Ball, location: 2F
1-2: Fielders Choice at 2nd, 4-6 (Groundball, 4, EV 87.5 MPH)
Batting: RHB Joe Hensball 0-0: Ball
1-0: Called Strike
1-1: Foul Ball, location: 2F
1-2: Foul Ball, location: 2F
1-2: Foul Ball, location: 2F
1-2: Ball
2-2: Strikes out swinging
Batting: LHB Wayne Noble 0-0: Ball
Gabriel Anaya steals 2nd base (no throw)
1-0: Ball
2-0: Called Strike
2-1: Ground out 5-3 (Groundball, 56, EV 101.2 MPH)
Top of the 1st over - 0 runs, 1 hit, 0 errors, 1 left on base; Redwood 0 - Hicksville 0
BOTTOM OF THE 1ST
Hicksville Hounds batting - Pitching for Redwood Rhinos : LHP Daryl Clague
Pitching: LHP Daryl Clague
Batting: RHB Adam Black 0-0: Called Strike
0-1: Called Strike
0-2: Ball
1-2: Ball
2-2: Foul Ball, location: 2F
2-2: Strikes out swinging
Batting: LHB Robbie Care 0-0: Foul Ball, location: 2F
0-1: Ball
1-1: Fly out, F7 (Line Drive, 7D, EV 88.1 MPH)
Batting: SHB Paul Wood 0-0: Ball
1-0: Ball
2-0: Foul Ball, location: 2F
2-1: Foul Ball, location: 2F
2-2: Hit by Pitch
Batting: RHB Luther H. Greene 0-0: Called Strike
Paul Wood is caught stealing 2nd base 2-4
Bottom of the 1st over - 0 runs, 0 hits, 0 errors, 0 left on base; Redwood 0 - Hicksville 0
TOP OF THE 2ND
Redwood Rhinos batting - Pitching for Hicksville Hounds : RHP David Schrattenthaler
Batting: RHB Luis Ávila 0-0: Swinging Strike
0-1: Foul Ball, location: 2F
0-2: Ball
1-2: Foul Ball, location: 2F
1-2: Strikes out looking
Batting: LHB Jorge Mejía 0-0: Ball
1-0: Fly out, F4 (Line Drive, 4, EV 70.0 MPH)
Batting: RHB Richard Armitage 0-0: Called Strike
0-1: Ground out U3 (Groundball, 34, EV 108.8 MPH)
Top of the 2nd over - 0 runs, 0 hits, 0 errors, 0 left on base; Redwood 0 - Hicksville 0
BOTTOM OF THE 2ND
Hicksville Hounds batting - Pitching for Redwood Rhinos : LHP Daryl Clague
Batting: RHB Luther H. Greene 0-0: SINGLE (Line Drive, 8RS, EV 93.1 MPH)
Batting: RHB Aloysius Szymanski 0-0: Ball
1-0: Fly out, F4 (Popup, 4M, EV 60.0 MPH)
Batting: RHB Rafael Briones 0-0: Ball
1-0: Fielders Choice at 2nd, 3-6 (Groundball, 3, EV 93.8 MPH)
Batting: RHB Bob Sims 0-0: Called Strike
0-1: Ball
1-1: Ball
2-1: Foul Ball, location: 2F
2-2: Strikes out swinging
Bottom of the 2nd over - 0 runs, 1 hit, 0 errors, 1 left on base; Redwood 0 - Hicksville 0
TOP OF THE 3RD
Redwood Rhinos batting - Pitching for Hicksville Hounds : RHP David Schrattenthaler
Batting: RHB Kunimatsu Nishimura 0-0: Fly out, F8 (Flyball, 8LM, EV 78.8 MPH)
Batting: RHB Thomas Banham 0-0: Called Strike
0-1: Fly out, F8 (Line Drive, 8RM, EV 98.1 MPH)
Batting: RHB Salvador Aquino 0-0: Called Strike
0-1: Ball
1-1: Ball
2-1: Foul Ball, location: 2F
2-2: SINGLE (Line Drive, 56, EV 95.6 MPH)
Batting: LHB Gabriel Anaya 0-0: Ball
1-0: SINGLE (Groundball, 34D, EV 96.2 MPH)
Salvador Aquino to second
Runner from 2nd tries for 3rd, SAFE, throw by RF made to third
Batting: RHB Joe Hensball 0-0: Ball
1-0: Ball
2-0: Called Strike
2-1: Fielders Choice at 2nd, 5-4 (Groundball, 56, EV 105.0 MPH)
Top of the 3rd over - 0 runs, 2 hits, 0 errors, 2 left on base; Redwood 0 - Hicksville 0
BOTTOM OF THE 3RD
Hicksville Hounds batting - Pitching for Redwood Rhinos : LHP Daryl Clague
Batting: LHB Trent Armstrong 0-0: Ball
1-0: Foul Ball, location: 2F
1-1: SINGLE (Groundball, 34D, EV 96.2 MPH)
Batting: SHB Juan Alonso 0-0: Ball
Trent Armstrong is caught stealing 2nd base 2-4
1-0: Ball
2-0: Fly out, F9 (Flyball, 9S, EV 92.5 MPH)
Batting: RHB Adam Black 0-0: Called Strike
0-1: Called Strike
0-2: Strikes out swinging
Bottom of the 3rd over - 0 runs, 1 hit, 0 errors, 0 left on base; Redwood 0 - Hicksville 0
TOP OF THE 4TH
Redwood Rhinos batting - Pitching for Hicksville Hounds : RHP David Schrattenthaler
Batting: LHB Wayne Noble 0-0: Foul Ball, location: 2F
0-1: Ground out 4-3 (Groundball, 4, EV 101.9 MPH)
Batting: RHB Luis Ávila 0-0: Ball
1-0: Called Strike
1-1: Ground out 4-3 (Groundball, 4, EV 106.2 MPH)
Batting: LHB Jorge Mejía 0-0: Fly out, F6 (Popup, 6MS, EV 80.6 MPH)
Top of the 4th over - 0 runs, 0 hits, 0 errors, 0 left on base; Redwood 0 - Hicksville 0
BOTTOM OF THE 4TH
Hicksville Hounds batting - Pitching for Redwood Rhinos : LHP Daryl Clague
Batting: LHB Robbie Care 0-0: Foul Ball, location: 2F
0-1: Ball
1-1: Foul Ball, location: 2F
1-2: Foul Ball, location: 2F
1-2: Ground out 3-1 (Groundball, 34, EV 110.6 MPH)
Batting: SHB Paul Wood 0-0: Called Strike
0-1: Called Strike
0-2: Ball
1-2: Ball
2-2: Foul Ball, location: 2F
2-2: Ball
3-2: Ground out U3 (Groundball, 34, EV 80.6 MPH)
Batting: RHB Luther H. Greene 0-0: Fly out, F6 (Popup, 6MD, EV 49.4 MPH)
Bottom of the 4th over - 0 runs, 0 hits, 0 errors, 0 left on base; Redwood 0 - Hicksville 0
TOP OF THE 5TH
Redwood Rhinos batting - Pitching for Hicksville Hounds : RHP David Schrattenthaler
Batting: RHB Richard Armitage 0-0: Foul Ball, location: 2F
0-1: Ball
1-1: Ball
2-1: Foul Ball, location: 2F
2-2: Ball
3-2: Strikes out swinging
Batting: RHB Kunimatsu Nishimura 0-0: Ball
1-0: Called Strike
1-1: Swinging Strike
1-2: Ball
2-2: Strikes out swinging
Batting: RHB Thomas Banham 0-0: Hit by Pitch
Batting: RHB Salvador Aquino 0-0: Called Strike
0-1: Ball
1-1: Foul Ball, location: 2F
1-2: Ball
Thomas Banham steals 2nd base
2-2: Foul Ball, location: 2F
2-2: Ground out U3 (Groundball, 34S, EV 66.2 MPH)
Top of the 5th over - 0 runs, 0 hits, 0 errors, 1 left on base; Redwood 0 - Hicksville 0
BOTTOM OF THE 5TH
Hicksville Hounds batting - Pitching for Redwood Rhinos : LHP Daryl Clague
Pitching: RHP Dale Keith
Batting: RHB Aloysius Szymanski 0-0: Called Strike
0-1: Foul Ball, location: 2F
0-2: Ball
1-2: Foul Ball, location: 2F
1-2: Strikes out swinging
Batting: RHB Rafael Briones 0-0: Ball
1-0: Ball
2-0: Ball
3-0: Base on Balls
Batting: RHB Bob Sims 0-0: Ball
1-0: SINGLE (Flyball, 89S, EV 88.8 MPH)
Rafael Briones to second
Batting: LHB Trent Armstrong 0-0: Called Strike
0-1: Called Strike
0-2: Ball
1-2: Foul Ball, location: 2F
1-2: Ball
2-2: Fly out, F9 (Flyball, 9LS, EV 81.2 MPH)
Batting: SHB Juan Alonso 0-0: Ball
1-0: Called Strike
1-1: Fielders Choice at 2nd, 6-4 (Groundball, 6, EV 86.2 MPH)
Bottom of the 5th over - 0 runs, 1 hit, 0 errors, 2 left on base; Redwood 0 - Hicksville 0
TOP OF THE 6TH
Redwood Rhinos batting - Pitching for Hicksville Hounds : RHP David Schrattenthaler
Batting: LHB Gabriel Anaya 0-0: Ball
1-0: Ground out 4-3 (Groundball, 4, EV 84.4 MPH)
Batting: RHB Joe Hensball 0-0: Ball
1-0: Called Strike
1-1: SINGLE (Line Drive, 89S, EV 107.5 MPH)
Batting: LHB Wayne Noble 0-0: Ball
1-0: Foul Ball, location: 2F
1-1: Foul Ball, location: 2F
1-2: DOUBLE (Flyball, 89D, EV 96.9 MPH)
Joe Hensball to third
Batting: RHB Luis Ávila 0-0: Intentional Walk
Batting: LHB Jorge Mejía 0-0: Grounds into fielders choice 4-2 (Groundball, 4, EV 87.5 MPH)
Wayne Noble to third
Luis Ávila to second
Batting: RHB Richard Armitage 0-0: Called Strike
0-1: Ball
1-1: Ball
2-1: Swinging Strike
2-2: Ball
3-2: Strikes out swinging
Top of the 6th over - 0 runs, 2 hits, 0 errors, 3 left on base; Redwood 0 - Hicksville 0
BOTTOM OF THE 6TH
Hicksville Hounds batting - Pitching for Redwood Rhinos : RHP Dale Keith
Batting: RHB Adam Black 0-0: Ball
1-0: SINGLE (Line Drive, 6MD, EV 100.6 MPH)
Batting: LHB Robbie Care 0-0: Ball
Adam Black steals 2nd base
1-0: Called Strike
1-1: Foul Ball, location: 2F
1-2: Ball
2-2: Ground out 6-3 (Groundball, 4MS, EV 88.1 MPH)
Adam Black to third
Batting: SHB Paul Wood 0-0: Foul Ball, location: 2F
0-1: 2-RUN HOME RUN (Line Drive, 9D, EV 105.6 MPH), Distance : 372 ft
Batting: RHB Luther H. Greene 0-0: Ball
1-0: SINGLE (Groundball, 4D, EV 104.4 MPH)
Batting: RHB Aloysius Szymanski 0-0: SINGLE (Groundball, 6D, EV 94.4 MPH)
Luther H. Greene to second
Batting: RHB Rafael Briones 0-0: 3-RUN HOME RUN (Flyball, 7D, EV 98.8 MPH), Distance : 376 ft
Pitching: RHP Paul Wickers
Batting: RHB Bob Sims 0-0: Ball
1-0: Ball
2-0: Called Strike
2-1: Fly out, F7 (Line Drive, 7D, EV 90.0 MPH)
Batting: LHB Trent Armstrong 0-0: Ball
1-0: Ground out 5-3 (Groundball, 56, EV 90.0 MPH)
Bottom of the 6th over - 5 runs, 5 hits, 0 errors, 0 left on base; Redwood 0 - Hicksville 5
TOP OF THE 7TH
Redwood Rhinos batting - Pitching for Hicksville Hounds : RHP David Schrattenthaler
Batting: RHB Kunimatsu Nishimura 0-0: Ball
1-0: Ball
2-0: Called Strike
2-1: Ball
3-1: Swinging Strike
3-2: Strikes out swinging
Pitching: RHP Tian-bai Hou
Batting: RHB Thomas Banham 0-0: Called Strike
0-1: Foul Ball, location: 2F
0-2: SINGLE (Groundball, 56D, EV 105.0 MPH)
Batting: RHB Salvador Aquino 0-0: Ball
1-0: Fly out, F6 (Popup, 6MS, EV 75.6 MPH)
Batting: LHB Gabriel Anaya 0-0: Ball
1-0: Fly out, F6 (Flyball, 56D, EV 88.8 MPH)
Top of the 7th over - 0 runs, 1 hit, 0 errors, 1 left on base; Redwood 0 - Hicksville 5
BOTTOM OF THE 7TH
Hicksville Hounds batting - Pitching for Redwood Rhinos : RHP Paul Wickers
Batting: SHB Juan Alonso 0-0: Swinging Strike
0-1: Ball
1-1: Swinging Strike
1-2: Foul Ball, location: 2F
1-2: Ball
2-2: Strikes out swinging
Batting: RHB Adam Black 0-0: Called Strike
0-1: TRIPLE (Line Drive, 89XD, EV 98.8 MPH)
Batting: LHB Robbie Care 0-0: Ball
Wild Pitch!
Adam Black scores
1-0: Fly out, F8 (Flyball, 8LD, EV 98.1 MPH)
Batting: SHB Paul Wood 0-0: Foul Ball, location: 2F
0-1: Ball
1-1: Called Strike
1-2: Ball
2-2: Foul Ball, location: 2F
2-2: Strikes out swinging
Bottom of the 7th over - 1 run, 1 hit, 0 errors, 0 left on base; Redwood 0 - Hicksville 6
TOP OF THE 8TH
Redwood Rhinos batting - Pitching for Hicksville Hounds : RHP Tian-bai Hou
Batting: RHB Joe Hensball 0-0: Ball
1-0: Swinging Strike
1-1: Foul Ball, location: 2F
1-2: Ball
2-2: Foul Ball, location: 2F
2-2: Strikes out looking
Batting: LHB Wayne Noble 0-0: Swinging Strike
0-1: Foul Ball, location: 2F
0-2: Ball
1-2: Strikes out swinging
Batting: RHB Luis Ávila 0-0: Foul Ball, location: 2F
0-1: Ball
1-1: Foul Ball, location: 2F
1-2: Strikes out looking
Top of the 8th over - 0 runs, 0 hits, 0 errors, 0 left on base; Redwood 0 - Hicksville 6
BOTTOM OF THE 8TH
Hicksville Hounds batting - Pitching for Redwood Rhinos : RHP Paul Wickers
Batting: RHB Luther H. Greene 0-0: Ball
1-0: Ball
2-0: Ball
3-0: Base on Balls
Batting: RHB Aloysius Szymanski 0-0: Fly out, F8 (Flyball, 8LM, EV 91.9 MPH)
Batting: RHB Rafael Briones 0-0: Swinging Strike
0-1: Ball
1-1: Foul Ball, location: 2F
1-2: Ball
2-2: Grounds into double play, 6-4-3 (Groundball, 6, EV 81.2 MPH)
Bottom of the 8th over - 0 runs, 0 hits, 0 errors, 0 left on base; Redwood 0 - Hicksville 6
TOP OF THE 9TH
Redwood Rhinos batting - Pitching for Hicksville Hounds : RHP Tian-bai Hou
Batting: LHB Jorge Mejía 0-0: Called Strike
0-1: Fly out, F8 (Line Drive, 8RM, EV 100.0 MPH)
Batting: RHB Richard Armitage 0-0: Called Strike
0-1: Ball
1-1: Swinging Strike
1-2: Strikes out swinging
Batting: RHB Kunimatsu Nishimura 0-0: Ball
1-0: Ball
2-0: Called Strike
2-1: Ball
3-1: Foul Ball, location: 2F
3-2: Strikes out swinging
Top of the 9th over - 0 runs, 0 hits, 0 errors, 0 left on base; Redwood 0 - Hicksville 6
Thursday, January 23rd, 2020 - OOTP Baseball 20.8 Build 74